Map: Dédale EC

Players

HoldTheDoor - Winner!

  • Race: Protoss Protoss
  • League: Diamond
  • Spawn Location: 7:00

Knox

  • Race: Zerg Zerg
  • League: Platinum
  • Spawn Location: 1:00

VOD

Have the link to the VOD?

Description

Time

  • Played on: July 4, 2018, 1:13 p.m.
  • Length: 3:04
Show
View Real Time Build Order
Export as new Build Order

HoldTheDoor Protoss - Winner!

Build Orders:  

Get SALT Encoding   

  12  0:01  Probe  
  13  0:13  Probe  
  14  0:18  Pylon  
  14  0:25  Probe  
  15  0:35  Probe  
  15  0:39  Forge  
  16  0:43  Probe  
  17  0:51  Probe  
  17  0:53  Pylon  
  18  1:07  Probe  
  19  1:21  Photon Cannon  
  19  1:22  Gateway  
  19  1:25  Pylon  
  19  1:28  Probe  
  20  1:34  Assimilator  
  20  1:47  Photon Cannon  
  20  2:17  Photon Cannon  
  20  2:29  Assimilator  
  20  2:36  Cybernetics Core, Probe  
  21  2:38  Photon Cannon  
  23  3:00  Gateway  
Show
View Real Time Build Order
Export as new Build Order

Knox Zerg 

Build Orders: Hatch First 

Get SALT Encoding   

  12  0:01  Drone  
  13  0:13  Overlord  
  13  0:17  Drone  
  14  0:22  Extractor  
  14  0:23  Drone  
  15  0:31  Drone  
  16  0:37  Drone  
  17  0:55  Hatchery  
  17  0:56  Drone  
  17  1:10  Spawning Pool  
  16  1:13  Drone  
  16  1:16  Drone  
  18  1:19  Drone  
  19  1:36  Extractor  
  18  1:53  Hatchery  
  17  2:05  Zergling x6  
  20  2:09  Zergling x2  
  20  2:10  Queen  
  17  2:51  Roach Warren  
Tags
 
Add a new tag
Caveats
  • Supply blocks, unpowered buildings, or Contaminate may cause inaccurate times.
  • Supply counts are checked every 10 seconds.